Map: Colline di Doraelus

Players

NoUnOurS

  • Race: Protoss Protoss

Djoule

  • Race: Terran Terran

Darkflip

  • Race: Protoss Protoss

RaZoR

  • Race: Protoss Protoss

Jhyrachy

  • Race: Zerg Zerg
  • League: Gold

GennaroBullo

  • Race: Terran Terran

VOD

Have the link to the VOD?

Description

Time

  • Played on: May 26, 2016, 4:13 p.m.
  • Length: 9:01
Show
View Real Time Build Order
Export as new Build Order

NoUnOurS Protoss 

Build Orders:  

Get SALT Encoding   

  12  0:01  Probe (Chrono Boost)  
  13  0:12  Probe (Chrono Boost)  
  14  0:21  Pylon  
  14  0:24  Probe (Chrono Boost)  
  15  0:40  Probe (Chrono Boost), Gateway  
  16  0:50  Assimilator, Probe (Chrono Boost)  
  16  0:53  Assimilator  
  17  1:01  Probe (Chrono Boost)  
  18  1:07  Pylon  
  19  1:11  Probe (Chrono Boost)  
  19  1:24  Probe (Chrono Boost)  
  20  1:28  Cybernetics Core  
  20  1:35  Probe (Chrono Boost)  
  21  1:40  Pylon  
  21  1:47  Probe (Chrono Boost)  
  22  2:00  Probe (Chrono Boost)  
  23  2:05  Stargate  
  23  2:11  Mothership Core (Chrono Boost)  
  23  2:13  Warp Gate  
  25  2:37  Probe (Chrono Boost), Nexus  
  25  2:41  Pylon  
  26  2:54  Void Ray (Chrono Boost)  
  30  3:12  Pylon  
  30  3:17  Probe  
  30  3:19  Stargate  
  31  3:29  Probe  
  32  3:37  Void Ray (Chrono Boost)  
  36  4:02  Forge  
  36  4:04  Assimilator  
  36  4:06  Assimilator  
  36  4:07  Probe x2  
  38  4:20  Void Ray (Chrono Boost)  
  42  4:31  Void Ray (Chrono Boost)  
  46  4:41  Gateway  
  46  4:43  Gateway  
  46  4:46  Probe  
  46  4:47  Probe  
  48  4:56  Photon Cannon  
  48  5:02  Photon Cannon  
  48  5:19  Oracle x2 (Chrono Boost)  
  54  5:23  Probe  
  54  5:24  Probe  
  56  5:37  Adept x2  
  56  5:38  Adept  
  62  5:49  Probe x2 (Chrono Boost)  
  64  6:00  Probe x2 (Chrono Boost)  
  66  6:08  Pylon  
  66  6:14  Stalker x2  
  69  6:28  Phoenix x2 (Chrono Boost)  
  54  7:10  Stalker x3  
  60  7:22  Pylon  
  60  7:24  Pylon  
  60  7:54  Phoenix x2 (Chrono Boost)  
  64  8:22  Phoenix x2 (Chrono Boost)  
Show
View Real Time Build Order
Export as new Build Order

Djoule Terran 

Build Orders: MMM Bio 

Get SALT Encoding   

  12  0:08  SCV  
  13  0:24  Supply Depot  
  13  0:29  SCV  
  14  0:37  Refinery  
  14  0:41  SCV  
  15  0:52  Barracks  
  15  0:53  SCV  
  16  1:05  SCV  
  17  1:17  SCV  
  18  1:33  Barracks  
  19  1:42  Orbital Command  
  19  1:45  Marine  
  19  2:01  Barracks  
  19  2:05  Barracks Tech Lab  
  19  2:19  Supply Depot  
  19  2:26  Marine  
  20  2:34  Command Center, Stimpack  
  20  2:45  Barracks Reactor  
  20  2:51  Marine x2  
  22  3:09  Marine x2, SCV  
  25  3:21  SCV  
  25  3:24  Marine x2  
  28  3:27  Marine  
  28  3:30  Barracks Reactor  
  29  3:42  Marine x2, Refinery  
  29  3:45  Marine  
  32  3:51  Orbital Command  
  32  3:58  SCV  
  32  3:59  Marine  
  32  4:00  Marine  
  35  4:02  Marine  
  36  4:10  SCV  
  36  4:15  Factory  
  37  4:17  Marine  
  37  4:22  SCV  
  39  4:28  Marine  
  39  4:29  Marine x3  
  43  4:34  SCV  
  43  4:35  Marine  
  45  4:41  Combat Shields  
  45  4:46  Marine  
  45  4:51  Engineering Bay  
  46  4:55  Marine x3  
  46  4:56  Marine  
  50  5:01  SCV  
  50  5:04  Marine  
  52  5:13  Marine, Starport  
  53  5:22  Marine  
  54  5:30  Marine x3  
  54  5:31  Marine  
  58  5:40  Marine  
  59  5:47  Marine  
  60  6:05  Medivac  
  62  6:44  SCV  
  62  6:45  Marine  
  62  6:46  Marine  
  62  6:49  Marine, SCV  
  62  7:03  Marine  
  62  7:05  SCV  
  62  7:06  Marine  
  62  7:07  SCV  
  62  7:08  Marine x3  
  62  7:10  Medivac  
  57  7:19  SCV  
  40  7:40  Medivac  
  40  8:10  Medivac  
  31  8:36  Marine x3  
  31  8:37  Marine x2  
Show
View Real Time Build Order
Export as new Build Order

Darkflip Protoss 

Build Orders:  

Get SALT Encoding   

  12  0:01  Probe (Chrono Boost)  
  13  0:12  Probe (Chrono Boost)  
  14  0:19  Pylon  
  14  0:25  Probe (Chrono Boost)  
  15  0:38  Probe (Chrono Boost)  
  15  0:39  Gateway  
  16  0:48  Probe (Chrono Boost)  
  17  1:02  Probe (Chrono Boost)  
  18  1:05  Assimilator  
  18  1:12  Probe (Chrono Boost), Pylon  
  19  1:23  Probe (Chrono Boost)  
  20  1:30  Zealot  
  22  1:33  Probe (Chrono Boost)  
  22  1:34  Cybernetics Core  
  23  1:44  Probe (Chrono Boost)  
  23  1:54  Probe (Chrono Boost)  
  23  1:57  Gateway  
  23  1:59  Gateway  
  24  2:08  Assimilator  
  24  2:12  Warp Gate (Chrono Boost)  
  24  2:16  Stalker  
  24  2:20  Gateway  
  26  2:37  Probe  
  27  2:47  Stalker  
  27  2:49  Stalker  
  31  2:57  Pylon  
  31  3:15  Pylon, Mothership Core  
  31  3:18  Stalker  
  35  3:24  Adept (Chrono Boost)  
  35  3:25  Stalker (Chrono Boost)  
  39  3:31  Forge  
  39  3:37  Pylon  
  39  4:04  Nexus  
  39  4:08  Protoss Ground Weapons Level 1 (Chrono Boost)  
  39  4:11  Sentry  
  41  4:18  Stalker  
  43  4:35  Robotics Facility  
  43  4:39  Probe  
  44  4:48  Photon Cannon  
  44  4:55  Pylon  
  44  5:03  Stalker  
  46  5:09  Pylon  
  46  5:17  Stalker  
  48  5:22  Observer  
  49  5:45  Pylon  
  49  5:48  Immortal  
  53  5:50  Protoss Ground Armor Level 1 (Chrono Boost)  
  53  6:04  Stalker x2  
  47  6:33  Mothership Core  
  48  6:52  Stalker  
  48  6:53  Stalker x2  
  52  7:02  Immortal  
  56  7:53  Stalker x4  
  60  8:22  Stalker x3  
  60  8:23  Stalker  
  66  8:41  Probe  
  66  8:43  Probe  
  68  8:50  Stalker  
Show
View Real Time Build Order
Export as new Build Order

RaZoR Protoss 

Build Orders: Carrier Rush 

Get SALT Encoding   

  12  0:02  Probe (Chrono Boost)  
  13  0:13  Probe (Chrono Boost)  
  14  0:19  Pylon  
  14  0:23  Probe (Chrono Boost)  
  15  0:38  Probe (Chrono Boost)  
  16  0:48  Probe (Chrono Boost)  
  17  0:59  Probe (Chrono Boost)  
  18  1:09  Probe (Chrono Boost)  
  19  1:19  Nexus  
  19  1:20  Probe (Chrono Boost), Gateway  
  20  1:38  Probe (Chrono Boost)  
  21  1:40  Assimilator  
  21  1:43  Assimilator, Pylon  
  21  1:48  Probe (Chrono Boost)  
  22  2:10  Cybernetics Core  
  22  2:13  Probe (Chrono Boost)  
  23  2:24  Probe (Chrono Boost)  
  24  2:32  Probe (Chrono Boost)  
  24  2:34  Probe (Chrono Boost)  
  26  2:40  Pylon  
  26  2:43  Assimilator, Probe (Chrono Boost)  
  27  2:45  Probe (Chrono Boost)  
  27  2:47  Assimilator  
  28  2:53  Probe (Chrono Boost), Stargate  
  28  2:56  Probe (Chrono Boost)  
  30  3:01  Protoss Air Weapons Level 1 (Chrono Boost)  
  30  3:02  Probe (Chrono Boost)  
  31  3:07  Probe  
  31  3:12  Probe  
  32  3:16  Pylon  
  32  3:19  Probe  
  34  3:23  Probe  
  35  3:31  Probe  
  35  3:33  Probe  
  36  3:37  Stargate  
  37  3:43  Probe, Fleet Beacon  
  37  3:44  Probe  
  39  3:54  Probe  
  39  3:55  Probe  
  39  4:00  Pylon  
  41  4:05  Probe  
  41  4:08  Probe  
  43  4:16  Probe, Pylon  
  43  4:18  Nexus  
  44  4:24  Carrier (Chrono Boost)  
  44  4:27  Probe  
  52  4:31  Probe  
  52  4:38  Carrier (Chrono Boost)  
  58  4:46  Graviton Catapult  
  58  4:51  Protoss Air Weapons Level 2 (Chrono Boost)  
  59  4:52  Probe  
  59  4:53  Probe  
  60  5:05  Probe x2  
  62  5:07  Pylon  
  62  5:10  Pylon  
  62  5:17  Probe x2  
  64  5:23  Stargate  
  64  5:28  Pylon  
  64  5:29  Probe  
  65  5:37  Pylon  
  71  5:45  Assimilator  
  71  5:49  Assimilator  
  77  5:57  Pylon  
  77  6:01  Probe  
  77  6:02  Pylon  
  78  6:04  Probe  
  78  6:06  Probe  
  78  6:08  Forge  
  45  7:12  Stargate  
  45  7:13  Stargate  
  43  7:30  Gateway  
  30  7:43  Probe  
  30  7:45  Photon Cannon  
  30  7:46  Photon Cannon  
  30  7:49  Photon Cannon  
  31  7:51  Pylon  
  31  7:54  Pylon  
  31  7:55  Pylon  
  37  8:10  Fleet Beacon  
  37  8:12  Forge  
  37  8:17  Void Ray (Chrono Boost)  
  41  8:24  Photon Cannon x2  
  41  8:39  Cybernetics Core  
Show
View Real Time Build Order
Export as new Build Order

Jhyrachy Zerg 

Build Orders: Hatch First 

Get SALT Encoding   

  12  0:01  Drone  
  13  0:08  Drone  
  14  0:17  Overlord  
  14  0:35  Drone x3  
  17  0:48  Drone  
  18  1:02  Hatchery  
  17  1:04  Extractor  
  17  1:05  Drone  
  17  1:15  Drone  
  18  1:20  Spawning Pool, Drone  
  18  1:30  Drone  
  19  1:50  Overlord  
  19  2:09  Queen  
  19  2:10  Zergling x2  
  19  2:11  Zergling x2  
  23  2:19  Queen  
  23  2:22  Drone x2  
  27  2:25  Drone x2  
  29  2:34  Drone  
  29  3:12  Lair  
  29  3:13  Drone  
  29  3:14  Drone x5  
  29  3:15  Extractor  
  29  3:18  Extractor  
  29  3:19  Extractor  
  32  3:29  Drone  
  32  3:30  Drone x2  
  32  3:31  Overlord  
  35  3:58  Drone x4  
  35  3:59  Drone  
  35  4:01  Overlord x2  
  40  4:05  Drone  
  40  4:06  Drone x2  
  43  4:15  Spire  
  42  4:40  Overlord x2  
  42  4:52  Queen  
  44  4:54  Queen  
  44  4:55  Hatchery  
  45  5:27  Mutalisk  
  45  5:28  Mutalisk x10  
  67  5:48  Zerg Flyer Weapons Level 1  
  67  5:52  Drone x8  
  67  5:54  Overlord x3  
  67  5:56  Pneumatized Carapace  
  61  6:29  Zergling x6  
  61  6:30  Zergling x20  
  72  7:10  Zergling x24  
  72  7:11  Zergling x6  
  53  7:44  Mutalisk x3  
  53  7:45  Mutalisk x9  
Show
View Real Time Build Order
Export as new Build Order

GennaroBullo Terran 

Build Orders:  

Get SALT Encoding   

  12  0:02  SCV  
  13  0:14  SCV  
  14  0:23  Supply Depot  
  14  0:31  Refinery  
  14  0:53  Barracks  
  14  1:10  SCV  
  15  1:19  Barracks  
  15  1:22  SCV  
  16  1:26  Supply Depot  
  16  1:34  SCV  
  17  1:45  Barracks Tech Lab  
  17  1:46  SCV  
  18  1:56  Engineering Bay  
  18  2:09  Barracks Reactor  
  18  2:19  Refinery  
  18  2:22  SCV  
  19  2:33  Terran Infantry Weapons Level 1  
  19  2:34  SCV  
  20  2:46  SCV  
  21  3:01  Orbital Command  
  21  3:13  Command Center  
  21  3:15  Marine x3  
  24  3:24  Supply Depot  
  24  3:29  Stimpack  
  24  3:32  Marine  
  24  3:33  Marine  
  26  3:40  SCV  
  27  3:54  Missile Turret  
  27  4:02  SCV  
  28  4:05  Marine  
  28  4:06  Marine  
  30  4:14  SCV  
  31  4:17  Missile Turret  
  31  4:26  SCV  
  31  4:28  Missile Turret  
  32  4:31  SCV  
  32  4:38  SCV  
  34  4:43  SCV  
  35  4:50  SCV  
  35  4:51  Factory  
  36  4:53  Marine x2  
  36  4:55  SCV  
  36  4:56  Barracks  
  39  5:02  Bunker, SCV  
  40  5:08  SCV  
  41  5:14  SCV  
  41  5:20  SCV  
  43  5:25  Refinery  
  43  5:26  SCV  
  44  5:30  Supply Depot  
  44  5:32  SCV  
  45  5:38  Missile Turret, SCV  
  45  5:42  Starport  
  46  5:44  SCV  
  46  5:48  Barracks Reactor  
  47  5:50  SCV  
  47  5:56  SCV  
  49  6:07  Refinery  
  49  6:08  SCV  
  46  6:20  Starport, SCV  
  46  6:22  Missile Turret  
  46  6:25  Marine x4  
  44  6:26  Marine  
  44  6:32  SCV  
  48  6:36  Starport Reactor  
  48  6:38  Factory Reactor  
  48  6:43  Marine x3  
  48  6:44  SCV  
  41  7:54  Orbital Command  
  40  8:45  Barracks Tech Lab  
  40  8:49  Barracks Reactor  
Tags
 
Add a new tag
Caveats
  • Supply blocks, unpowered buildings, or Contaminate may cause inaccurate times.
  • Supply counts are checked every 10 seconds.